 Dungeon Crawl Stone Soup version 0.30-a0-634-g8abc85282e (webtiles) character file.

Game seed: 4694525707474674107

32191 Bnni the Covert (level 13, 0/74 HPs)
             Began as a Vine Stalker Brigand on Jan 14, 2023.
             Was a Follower of Uskayaw.
             Slain by a reaper
             ... wielding a +3 scythe of freezing
              (12 damage)
             ... in a Gauntlet.
             The game lasted 00:37:31 (11759 turns).

Bnni the Covert (Vine Stalker Brigand)             Turns: 11759, Time: 00:37:32

Health: 0/74       AC: 13    Str: 21    XL:     13   Next: 63%
Magic:  0/21       EV: 11    Int: 11    God:    Uskayaw [*.....]
Gold:   294        SH:  8    Dex: 20    Spells: 12/12 levels left

rFire   + + .      SeeInvis .    a - +2 dagger
rCold   x . .      Faith    .    h - +1 buckler {AC+3}
rNeg    . . .      Spirit   +    C - +3 salamander hide armour {Flames, rFlCloud rF++ rC--}
rPois   +          Reflect  .    (no helmet)
rElec   .          Harm     .    c - +0 cloak
rCorr   .          Rampage  .    p - +0 pair of gloves
Will    +....      NoTele   +    j - +1 pair of boots
Stlth   ++++++                   u - amulet of the acrobat
HPRegen 1.12/turn                J - ring "Inweojy" {rPois rC+}
MPRegen 0.17/turn                K - +6 ring of strength

@: no status effects
A: fangs 3, regeneration 1, magic shield, antimagic bite, no potion heal 2
a: Renounce Religion, Stomp


You were in a Gauntlet.
You worshipped Uskayaw.
Uskayaw was aware of your devotion.
You visited 2 branches of the dungeon, and saw 16 of its levels.
You also visited: Gauntlet.

You collected 708 gold pieces.
You spent 414 gold pieces at shops.

Inventory:

Hand Weapons
 a - a +2 dagger (weapon)
Missiles
 d - 19 poisoned darts (quivered)
 i - a throwing net
 H - an atropa-tipped dart
 Q - 4 curare-tipped darts
Armour
 c - a +0 cloak (worn)
 h - a +1 buckler of protection (worn)
 j - a +1 pair of boots (worn)
 p - a +0 pair of gloves (worn)
 C - the +3 salamander hide armour (worn) {Flames, rFlCloud rF++ rC--}
   (You bought it in a shop on level 2 of the Dungeon)

   Flames:    It surrounds you with flame clouds and enhances your fire magic.
   rFlCloud:  It grants immunity to flame clouds.
   rF:        It greatly protects you from fire.
   rC:        It makes you very vulnerable to cold.
 L - a +0 kite shield
Jewellery
 u - an amulet of the acrobat (around neck)
 J - the ring "Inweojy" (left hand) {rPois rC+}
   (You found it on level 8 of the Dungeon)

   [ring of protection from cold]

   rC:        It protects you from cold.
   rPois:     It protects you from poison.
 K - a +6 ring of strength (right hand)
Wands
 e - a wand of quicksilver (15)
 k - a wand of digging (9)
 q - a wand of mindburst (13)
 v - a wand of roots (9)
 x - a wand of flame (35)
 B - a wand of paralysis (10)
 P - a wand of polymorph (3)
Scrolls
 f - 2 scrolls of enchant armour
 g - 6 scrolls of teleportation
 l - a scroll of immolation
 m - 3 scrolls of vulnerability
 t - 3 scrolls of fear
 w - a scroll of blinking
 y - 4 scrolls of enchant weapon
 z - 3 scrolls of amnesia
 G - 2 scrolls of fog
 I - a scroll of silence
Potions
 b - 2 potions of curing
 n - 3 potions of might
 r - a potion of resistance
 s - 3 potions of flight
 A - a potion of berserk rage {unknown}
 D - a potion of magic
 E - 3 potions of heal wounds
 F - 4 potions of attraction {unknown}
 N - 2 potions of invisibility
 O - 2 potions of brilliance
Miscellaneous
 M - a phial of floods


   Skills:
 + Level 11.5 Fighting
 - Level 10.0 Short Blades
 - Level 1.7 Throwing
 - Level 0.7 Dodging
 + Level 14.0 Stealth
 * Level 8.0 Shields
 + Level 9.6 Invocations


You had 12 spell levels left.
You didn't know any spells.
Your spell library contained the following spells:

 Spells                   Type           Power      Damage    Failure   Level
 Kiss of Death            Conj/Necr      0%         2d5       45%         1
 Summon Small Mammal      Summ           0%         N/A       45%         1
 Ensorcelled Hibernation  Hex/Ice        0%         N/A       61%         2
 Scorch                   Fire           0%         2d5       61%         2
 Call Canine Familiar     Summ           0%         N/A       83%         3
 Confusing Touch          Hex            0%         N/A       83%         3
 Gell's Gravitas          Tloc           0%         N/A       83%         3
 Spider Form              Tmut/Pois      0%         N/A       83%         3
 Summon Guardian Golem    Hex/Summ       0%         N/A       83%         3
 Teleport Other           Tloc           0%         N/A       83%         3
 Anguish                  Hex/Necr       0%         N/A       99%         4
 Dispel Undead            Necr           0%         3d6       99%         4
 Flame Wave               Conj/Fire      0%         2d4       99%         4
 Dispersal                Tloc           0%         N/A       100%        6
 Summon Cactus Giant      Summ           0%         N/A       100%        6


Dungeon Overview and Level Annotations

Branches:
Dungeon (15/15)            Temple (1/1) D:7            Lair (0/5) D:9
    Orc (0/2) D:11         Depths (0/4) D:15        Gauntlet (1/1)
 Vaults: D:13-14

Altars:
Ashenzari
Cheibriados
Dithmenos
Elyvilon
Fedhas
Gozag
Hepliaklqana
Kikubaaqudgha
Makhleb
Nemelex Xobeh
Okawaru
Qazlal
Ru
Sif Muna
Trog
Uskayaw
Vehumet
Wu Jian
Xom
Yredelemnul
Zin
The Shining One

Shops:
D:2 [   D:3 *   D:4 [   D:10 *   D:11 [   D:12 *

Annotations:
D:10 1 transporter
D:11 2 runed translucent doors, Ysion's ghost, journeyman TrFi
D:15 Rupert Gauntlet 21 runed translucent doors, 9 transporters


Innate Abilities, Weirdness & Mutations

You have razor-sharp teeth.
Your natural rate of healing is unusually fast.
When hurt, damage is shared between your health and your magic reserves.
Your bite disrupts and absorbs the magic of your enemies.
Potions cannot restore your health.


Message History

You block the killer bee's attack.
You barely miss the killer bee. You bite the killer bee. You drain its power.
The killer bee is almost dead.
The killer bee is engulfed in blazing flames.
You kill the killer bee!
No target in view!
No target in view!
There is a transporter landing site here.
You can no longer pass through a line of other dancers.
o - a scroll of identify
As you read the scroll of identify, it crumbles to dust.
z - 3 scrolls of amnesia
There is a transporter here.
You enter the transporter and appear at another place.
The shadow imp shouts, "Scamper home, thou impertinent boil-brained bloater!"
There is a transporter here.
Press: ? - help, v - describe, . - travel
Here: a reaper, wielding a +3 scythe of freezing (fire blocked by a translucent stone wall)
The floor.
Unknown command.
Press: ? - help, v - describe, . - travel A transporter.
You enter the transporter and appear at another place.
You see here a +2 robe of willpower.
N - 2 potions of invisibility (gained 1)
You start waiting.
A shadow imp is nearby!
The hellwing gives a chilling moan.
The hellwing is engulfed in blazing flames.
The hellwing hits you.
The hellwing hits you but does no damage.
The reaper hits you from afar with a +3 scythe of freezing!!!
The reaper freezes you.
The meliai buzzes angrily.
You hit the hellwing. Your bite misses the hellwing.
The hellwing is lightly wounded.
The reaper hits you from afar with a +3 scythe of freezing!!
* * * LOW HITPOINT WARNING * * *
The reaper freezes you!
You die...

#8#..#..#####..#...#.##...##.
###..#.#y....#.#...#.#.....#.
#..#...y.....#...#GG.....Gu
###..###########...##########
#8#.....#.©.#....≈....#.©.#..
###...8.#...#...≈8≈...#...#.8
#.....#.©.#....≈....#.©.#..
###..###########...##########
#8#..#...=54@☼.#...#...=©?|xX
###..#..##2##☼☼#...#####.####
#..#.##...##☼#...##.##.##.#
###..#.#.5...#.#...#x.......#
#8#..#....4....#...#.##.#..##
###..#.#.....#.#...#x##.##.##
#..#.##...##.#..[##....#...
###..#..##.##..#...###.##.##.
#8#..#.........#...###X#..##x


You could see a reaper, a hellwing, 2 meliai and a shadow imp.

Vanquished Creatures
  Nessos (D:13)
  Azrael (D:12)
  4 boulder beetles
  A centaur warrior (D:13)
  A two-headed ogre (D:14)
  A tengu warrior (D:14)
  Amaemon (D:8)
  3 deep elf pyromancers
  Pikel (D:4)
  6 ugly things
  A cyclops (D:12)
  4 manticores
  2 gargoyles
  2 unseen horrors (D:12)
  2 kobold demonologists
  An orange demon (D:8)
  3 komodo dragons
  Maggie (D:9)
  A queen bee (Gauntlet)
  6 trolls
  2 hornets
  Grinder (D:3)
  13 slime creatures
  Sigmund (D:5)
  2 shadows
  2 wyverns
  3 vampires
  5 wraiths
  18 yaks
  5 fire elementals (D:12)
  2 steam dragons
  3 vampire mosquitoes
  Edmund (D:4)
  Menkaure (D:5)
  3 acid dragons
  2 water moccasins
  3 hell hounds (D:12)
  6 orc warriors
  5 ice beasts
  5 black bears
  3 sky beasts (D:7)
  6 ogres
  13 centaurs
  A lemure (D:4)
  Blork the orc (D:5)
  A kobold brigand (D:6)
  2 phantoms
  A gnoll sergeant (D:9)
  6 bullfrogs
  4 scorpions
  A wight (D:7)
  8 killer bees
  5 jellies
  10 howler monkeys
  4 hounds
  7 orc priests
  2 gnoll boudas
  Crazy Yiuf (D:2)
  4 iguanas
  8 orc wizards
  17 gnolls
  9 adders
  2 shadow imps
  4 white imps
  4 ufetubi
  2 worms
  A dart slug (D:3)
  45 orcs
  10 endoplasms
  2 giant cockroaches
  11 hobgoblins
  11 kobolds
  4 quokkas
  11 ball pythons
  5 frilled lizards
  12 goblins
  A rat (D:2)
  A bush (D:10)
  A butterfly (D:9)
367 creatures vanquished.

Vanquished Creatures (others)
  An orc (D:9)
  3 fungi (D:10)
  9 plants
  7 withered plants (D:7)
20 creatures vanquished.

Grand Total: 387 creatures vanquished

Notes
Turn   | Place    | Note
-------+----------+-------------------------------------------
     0 | D:1      | Bnni the Vine Stalker Brigand began the quest for the Orb.
     0 | D:1      | Reached XP level 1. HP: 11/11 MP: 2/2
   214 | D:1      | Reached XP level 2. HP: 15/15 MP: 3/3
   288 | D:1      | Found a faded altar of an unknown god.
   542 | D:2      | Reached XP level 3. HP: 12/18 MP: 4/4
   671 | D:2      | Found Bulius's Armour Emporium.
  1111 | D:2      | Found a runed translucent door.
  1112 | D:2      | Noticed Crazy Yiuf
  1124 | D:2      | Killed Crazy Yiuf
  1125 | D:2      | Gained mutation: Your natural rate of healing is unusually
                  | fast. [Vine Stalker growth]
  1125 | D:2      | Reached XP level 4. HP: 4/23 MP: 2/5
  1361 | D:3      | Reached XP level 5. HP: 28/28 MP: 6/6
  1466 | D:3      | Noticed Grinder
  1494 | D:3      | Killed Grinder
  1495 | D:3      | Reached skill level 5 in Short Blades
  1495 | D:3      | Reached XP level 6. HP: 17/33 MP: 5/7
  1803 | D:3      | Found Qutowapu's Assorted Antiques.
  2039 | D:3      | Found a shimmering blue altar of Sif Muna.
  2223 | D:4      | Found Kateadd's Antique Armour Emporium.
  2269 | D:4      | Reached XP level 7. HP: 37/37 MP: 5/8
  2501 | D:4      | Found a glowing silver altar of Zin.
  2536 | D:4      | Found an opulent altar of Gozag.
  2600 | D:4      | Noticed Edmund
  2628 | D:4      | Killed Edmund
  2680 | D:4      | Found a shadowy altar of Dithmenos.
  2747 | D:4      | Gained mutation: You have razor-sharp teeth. [Vine Stalker
                  | growth]
  2747 | D:4      | Reached XP level 8. HP: 42/42 MP: 9/9
  2781 | D:4      | Noticed a hornet
  2795 | D:4      | Killed a hornet
  2796 | D:4      | Reached skill level 5 in Fighting
  2869 | D:4      | Noticed Pikel
  2926 | D:4      | Killed Pikel
  3202 | D:5      | Entered Level 5 of the Dungeon
  3462 | D:5      | Reached XP level 9. HP: 48/48 MP: 10/10
  3782 | D:5      | Noticed Blork the orc
  3807 | D:5      | Killed Blork the orc
  4111 | D:5      | Noticed Sigmund
  4113 | D:5      | Killed Sigmund
  4114 | D:5      | Reached skill level 5 in Stealth
  4229 | D:5      | Noticed Menkaure
  4231 | D:5      | Killed Menkaure
  4283 | D:5      | Identified the +9 flail "Paunom" {flame, Str+4}
  4556 | D:6      | Reached skill level 10 in Short Blades
  4556 | D:6      | Reached skill level 6 in Stealth
  4693 | D:6      | Found a broken altar of Ashenzari.
  4882 | D:7      | Reached XP level 10. HP: 55/55 MP: 11/11
  4895 | D:7      | Reached skill level 7 in Stealth
  4895 | D:7      | Reached skill level 1 in Invocations
  5134 | D:7      | Reached skill level 8 in Stealth
  5237 | D:7      | Found a staircase to the Ecumenical Temple.
  5237 | D:7      | Found a hazy altar of Hepliaklqana.
  5238 | D:7      | Found a hazy altar of Hepliaklqana.
  5239 | D:7      | Found a shimmering blue altar of Sif Muna.
  5239 | D:7      | Found a glowing silver altar of Zin.
  5270 | Temple   | Entered the Ecumenical Temple
  5277 | Temple   | Became a worshipper of Uskayaw the Reveller
  5299 | D:7      | Reached * piety under Uskayaw
  5309 | D:7      | Reached ** piety under Uskayaw
  5364 | D:7      | Reached *** piety under Uskayaw
  5391 | D:7      | Reached **** piety under Uskayaw
  5396 | D:7      | Identified the +7 flail of Ugegec {distort, *Slow MP-9
                  | Str+3 Int+7}
  5404 | D:7      | Identified the +5 trident of the Wicked God {drain, rPois}
  5426 | D:7      | Noticed a boulder beetle
  5454 | D:7      | Killed a boulder beetle
  5455 | D:7      | Reached skill level 9 in Stealth
  5469 | D:7      | Reached ***** piety under Uskayaw
  5631 | D:7      | Reached XP level 11. HP: 58/60 MP: 15/15
  5637 | D:7      | Reached skill level 5 in Invocations
  5850 | D:7      | Found an ancient bone altar of Kikubaaqudgha.
  6027 | D:8      | Reached skill level 10 in Stealth
  6112 | D:8      | Noticed Amaemon
  6137 | D:8      | Killed Amaemon
  6142 | D:8      | HP: 3/62 [poisoned by an orange demon]
  6144 | D:8      | HP: 1/62 [poisoned by an orange demon]
  6632 | D:8      | Identified the ring "Inweojy" {rPois rC+}
  7013 | D:9      | Found a radiant altar of Vehumet.
  7029 | D:9      | Noticed Maggie
  7083 | D:9      | Killed Maggie
  7084 | D:9      | Reached skill level 11 in Stealth
  7301 | D:9      | Found a burning altar of Makhleb.
  7404 | D:9      | Found a staircase to the Lair.
  7534 | D:9      | Found a white marble altar of Elyvilon.
  7829 | D:2      | Bought the +3 salamander hide armour {Flames, rFlCloud rF++
                  | rC--} for 414 gold pieces
  7829 | D:2      | Found the +3 salamander hide armour {Flames, rFlCloud rF++
                  | rC--}
  8104 | D:10     | Entered Level 10 of the Dungeon
  8120 | D:10     | Reached skill level 1 in Shields
  8178 | D:10     | Found Zuahoeg's Assorted Antiques.
  8332 | D:10     | Found a transporter.
  8585 | D:10     | Reached skill level 10 in Fighting
  8766 | D:10     | Found a blossoming altar of Fedhas.
  8893 | D:11     | Noticed a manticore
  8902 | D:11     | Killed a manticore
  9031 | D:11     | Found a runed translucent door.
  9049 | D:11     | Found a staircase to the Orcish Mines.
  9056 | D:11     | Reached XP level 12. HP: 59/67 MP: 16/18
  9070 | D:11     | Found Vets's Armour Shop.
  9180 | D:11     | Noticed an ogre mage
  9180 | D:11     | Noticed a deep troll earth mage
  9181 | D:11     | Found a runed translucent door.
  9182 | D:11     | Noticed a seven-headed hydra
  9183 | D:11     | Noticed a lich
  9184 | D:11     | Noticed Ysion's ghost (journeyman TrFi)
  9206 | D:11     | Reached skill level 12 in Stealth
  9742 | D:11     | Identified the ring of Joy {rPois rN+ Str+6}
  9878 | D:12     | Noticed Azrael
  9904 | D:12     | Killed Azrael
  9982 | D:12     | Found Imeade's Assorted Antiques.
 10045 | D:12     | Reached skill level 5 in Shields
 10194 | D:12     | Noticed a boulder beetle
 10205 | D:12     | Reached skill level 13 in Stealth
 10224 | D:12     | Killed a boulder beetle
 10586 | D:12     | Found an iron altar of Okawaru.
 10846 | D:13     | Reached XP level 13. HP: 74/74 MP: 20/20
 11019 | D:13     | Noticed Nessos
 11031 | D:13     | Killed Nessos
 11222 | D:13     | You fall into a shaft and drop 2 floors!
 11222 | D:15     | Entered Level 15 of the Dungeon
 11241 | D:15     | Noticed Rupert
 11446 | D:14     | Reached ****** piety under Uskayaw
 11490 | D:14     | Reached skill level 14 in Stealth
 11500 | D:14     | Found a gate leading to a gauntlet.
 11504 | Gauntlet | Entered a Gauntlet
 11504 | Gauntlet | Found a large runed translucent door.
 11504 | Gauntlet | Found a large runed translucent door.
 11504 | Gauntlet | Found a large runed translucent door.
 11504 | Gauntlet | Found a large runed translucent door.
 11504 | Gauntlet | Found a runed translucent door.
 11504 | Gauntlet | Found a large runed translucent door.
 11504 | Gauntlet | Found a large runed translucent door.
 11504 | Gauntlet | Found a transporter.
 11504 | Gauntlet | Found a transporter.
 11504 | Gauntlet | Found a large runed translucent door.
 11504 | Gauntlet | Found a large runed translucent door.
 11504 | Gauntlet | Found a runed translucent gate.
 11504 | Gauntlet | Found a runed translucent gate.
 11504 | Gauntlet | Found a transporter.
 11530 | Gauntlet | Found a transporter.
 11534 | Gauntlet | Found a transporter.
 11544 | Gauntlet | Found a transporter.
 11546 | Gauntlet | Noticed a reaper
 11548 | Gauntlet | Found a transporter.
 11560 | Gauntlet | Found a transporter.
 11579 | Gauntlet | Noticed a great orb of eyes
 11580 | Gauntlet | Found a transporter.
 11599 | Gauntlet | Found a transporter.
 11601 | Gauntlet | Found a transporter.
 11615 | Gauntlet | Found a transporter.
 11617 | Gauntlet | Found a runed translucent gate.
 11618 | Gauntlet | Found a large runed translucent door.
 11618 | Gauntlet | Found a large runed translucent door.
 11619 | Gauntlet | Found a large runed translucent door.
 11620 | Gauntlet | Found a large runed translucent door.
 11621 | Gauntlet | Found a large runed translucent door.
 11621 | Gauntlet | Found a large runed translucent door.
 11621 | Gauntlet | Found a runed translucent door.
 11622 | Gauntlet | Found a large runed translucent door.
 11623 | Gauntlet | Found a large runed translucent door.
 11759 | Gauntlet | Slain by a reaper

Illustrated notes

Levels and vault maps discovered:
D:1:      dpeg_arrival_windows_large_door, layout_rooms,
          chequers_ecumenical_altar_island
D:2:      layout_basic, serial_shops, nicolae_shop_waterfront,
          chequers_serial_rivers_large_a, uniq_crazy_yiuf_cottage
D:3:      layout_loops_corners, mainiacjoe_overflow_alcove_2, serial_shops,
          nicolae_shop_overgrown_old_shop, uniq_grinder
D:4:      layout_loops_ring, pdpol_temple_overflow_zin_treasury_gozag_greed,
          mainiacjoe_overflow_catwalk, serial_shops, shop, uniq_edmund,
          uniq_pikel
D:5:      minmay_general_purpose_star, layout_loops_corners, uniq_sigmund,
          uniq_blork_the_orc, uniq_menkaure
D:6:      layout_rooms, ashenzari_conservatory_becter
D:7:      minmay_the_grid_octo_tiled_octocenter [minmay_the_grid_octo_shrine,
          minmay_the_grid_octo_focus, minmay_the_grid_octo_chip,
          minmay_the_grid_octo_checkerflower,
          minmay_the_grid_octo_prize_square_snowflake,
          minmay_the_grid_square_5x5_inner_v, minmay_the_grid_square_5x5_slash,
          minmay_the_grid_square_5x5_three_small,
          minmay_the_grid_square_5x5_gyroscope], layout_rooms,
          kiku_gazebo_garden_becter
D:8:      minmay_evil_eye, layout_basic, uniq_amaemon
D:9:      layout_stronghold, bloody_makhleb, vehumet_altar_wand_db,
          nicolae_elyvilon_peaceful_grove, lair_entry_dummy, uniq_maggie
D:10:     layout_loops_ring, mainiacjoe_overflow_alcove_4, serial_shops,
          nicolae_shop_overgrown_old_shop, serial_park_tiny_1,
          nicolae_diode_basic
D:11:     minmay_stone_box, layout_gridville, orc_david_3,
          muffindrake_ghost_dual_entry
D:12:     layout_roguey, serial_shops, nicolae_shop_overgrown_old_shop,
          okawaru_altar_gauntlet_db, uniq_azrael
D:13:     layout_basic, uniq_nessos, uniq_sonja, uniq_snorg
D:14:     layout_long_grid, ximxim_vaults_locker_room, gauntlet_entry_generic,
          nicolae_uskayaw_suspiria, serial_co_window_serial, co_window_paths_a,
          co_window_paths_a, co_window_corner_a, co_window_of_opportunity_a,
          co_window_paths_a, co_window_corner_a, co_window_of_opportunity_a,
          co_window_corner_ca, co_window_2corner, co_window_broadway_a,
          co_window_broadway_a, co_window_unsneaky_path_e, co_window_corner_cb,
          glass_columns_b, serial_shops, bzr_in_the_mist, skrybe_limestone_x,
          onia_ninara_cookie
D:15:     gammafunk_depths_entry_grave, layout_cave_pods, chequers_garden,
          uniq_louise, uniq_rupert
Temple:   nicolae_temple_no_exploring_needed
Gauntlet: gammafunk_gauntlet_hard_choice [nicolae_gauntlet_arena_x,
          minmay_gauntlet_arena_make_your_own_arena,
          gammafunk_gauntlet_arena_split_diamond,
          gammafunk_gauntlet_arena_crates, nicolae_gauntlet_arena_blocks,
          gammafunk_gauntlet_arena_split_x, gauntlet_exit_watery]

Skill      XL: |  1  2  3  4  5  6  7  8  9 10 11 12 13 |
---------------+----------------------------------------+-----
Short Blades   | 2 3 5 6 8 10 | 10.0
Fighting       | 2 3 4 6 7 8 10 11 | 11.5
Stealth        | 6 9 11 13 14 | 14.0
Invocations    | 4 7 8 9 |  9.6
Shields        | 2 6 8 |  8.0
Throwing       | |  1.7
Dodging        | |  0.7

Action                   |  1- 3 |  4- 6 |  7- 9 | 10-12 | 13-15 || total
-------------------------+-------+-------+-------+-------+-------++-------
Melee: Dagger            |    83 |   116 |   336 |   724 |   141 ||  1400
       Bite              |    18 |    47 |   123 |   309 |    72 ||   569
       Punch             |     2 |     1 |     8 |     6 |       ||    17
Throw: Dart              |     2 |     4 |    33 |    20 |     1 ||    60
       Throwing net      |       |       |       |     2 |       ||     2
Invok: Line Pass         |       |       |       |     6 |     1 ||     7
       Grand Finale      |       |       |       |       |     1 ||     1
Evoke: Wand              |       |       |     1 |     1 |       ||     2
  Use: Potion            |     1 |       |       |     4 |     1 ||     6
       Scroll            |       |       |     8 |    12 |     2 ||    22
 Stab: Sleeping          |    11 |     2 |    11 |       |       ||    24
       Distracted        |       |     1 |       |     3 |       ||     4
       Paralysed         |       |       |       |    23 |     7 ||    30
       Invisible         |       |       |       |     2 |     1 ||     3
       Confused          |       |       |       |     2 |       ||     2
       Held in net/web   |       |       |       |     1 |       ||     1
Armor: Robe              |     9 |       |       |       |       ||     9
       Ring mail         |    14 |    29 |    80 |    69 |       ||   192
       Skin              |       |       |       |    25 |       ||    25
       Plate armour      |       |       |       |   153 |       ||   153
       Leather armour    |       |       |       |    28 |    25 ||    53
Dodge: Dodged            |    17 |    34 |   100 |   253 |    52 ||   456
Block: Kite shield       |       |       |       |     4 |       ||     4
       Buckler           |       |       |       |    24 |    33 ||    57

Table legend: (Time is in decaauts)
 A = Elapsed time spent in this place.
 B = Non-inter-level travel time spent in this place.
 C = Inter-level travel time spent in this place.
 D = Time resting spent in this place.
 E = Time spent auto-exploring this place.
 F = Levels seen in this place.
 G = Mean time per level.
                   A        B        C        D        E       F      G
               +--------+--------+--------+--------+--------+-----+--------+
         Total |  11216 |  10632 |    584 |    242 |   7803 |  17 |  659.8 |
       Dungeon |  10952 |  10374 |    578 |    239 |   7652 |  15 |  730.1 |
        Temple |     14 |      8 |      6 |      0 |      0 |   1 |   14.0 |
      Gauntlet |    249 |    249 |      0 |      3 |    151 |   1 |  249.0 |
               +--------+--------+--------+--------+--------+-----+--------+

Top non-repeatable levels by time:
     D:5: 1118 daAuts
     D:8: 1074 daAuts
     D:4: 1028 daAuts
    D:11: 977 daAuts
     D:3: 924 daAuts
     D:7: 919 daAuts
    D:12: 912 daAuts
     D:2: 867 daAuts
     D:9: 840 daAuts
    D:10: 755 daAuts
     D:6: 473 daAuts
     D:1: 447 daAuts
    D:13: 377 daAuts
Gauntlet: 249 daAuts
    D:14: 186 daAuts
